 Dungeon Crawl Stone Soup version 0.14-a0-953-g9e7f188 (webtiles) character file.

8170 Psiweapon the Ducker (level 11, -5/105 HPs)
             Began as a Troll Monk on Nov 9, 2013.
             Slain by a sheep (6 damage)
             ... on Level 4 of the Lair of Beasts on Nov 20, 2013.
             The game lasted 00:56:42 (10407 turns).

Psiweapon the Ducker (Troll Monk)                  Turns: 10407, Time: 00:56:42

HP  -5/105       AC  6     Str 24      XL: 11   Next:  4%
MP   3/3         EV 13     Int  6      God:
Gold 154         SH  0     Dex 12      Spells:  0 memorised, 10 levels left

Res.Fire  : . . .   See Invis. : .   H - +4,+0 giant spiked club
Res.Cold  : + . .   Warding    : .   a - +0 robe
Life Prot.: . . .   Conserve   : .   (shield restricted)
Res.Poison: +       Res.Corr.  : .   F - +0 wizard hat of the Armoured One {rC+ Acc+4}
Res.Elec. : .       Clarity    : .   Z - +0 cloak (curse)
Sust.Abil.: + .     Spirit.Shd : .   (gloves unavailable)
Res.Mut.  : .       Rnd.Telep. : +   (boots unavailable)
Res.Rott. : .       Flight     : .   (no amulet)
Gourmand  : +                        U - ring of sustain abilities
                                     V - cursed ring of sustenance

@: exhausted, slowed, very slow, somewhat resistant to hostile enchantments,
quite stealthy
A: unfitting armour, claws 3, camouflage 1, fast metabolism 3, gourmand, poison
resistance, regeneration 3, saprovore 2, shaggy fur 1, teleportitis 1, tough
skin 2
a: no special abilities


You were on level 4 of the Lair of Beasts.
You were full.

You visited 3 branches of the dungeon, and saw 16 of its levels.
You also visited: Sewer and Ossuary.

You collected 423 gold pieces.
You spent 269 gold pieces at shops.

Inventory:

Hand weapons
 l - a +1,+1 whip of venom
 H - a +4,+0 giant spiked club (weapon)
 J - a +0,+0 dire flail
 M - a +0,+0 lajatang
 Y - a +2,+3 elven sabre of draining
Missiles
 u - 2 javelins (quivered)
Armour
 a - a +0 robe (worn)
 F - the +0 wizard hat of the Armoured One (worn) {rC+ Acc+4}
   (You acquired it on level 10 of the Dungeon)

   It affects your accuracy (+4).
   It protects you from cold.
 Z - a cursed +0 cloak (worn)
Magical devices
 d - a wand of digging (14)
 r - a wand of cold (5)
 s - a wand of frost (1)
 v - a wand of draining (3)
 w - a wand of frost (8)
 I - a wand of confusion (0)
 P - a wand of slowing (5)
 R - a wand of cold (0)
Comestibles
 b - 3 meat rations
 g - an apple
 h - a pear
 k - 11 bread rations
 p - 3 chokos
 T - 2 beef jerkies
 W - 9 cheeses
Scrolls
 m - a scroll of magic mapping
 n - a scroll of blinking
 o - 4 scrolls of fear {unknown}
 x - 3 scrolls of random uselessness {unknown}
 y - 3 scrolls of fog
 z - 4 scrolls of remove curse {unknown}
 A - 2 scrolls of recharging
 D - 4 scrolls of teleportation
 K - 2 scrolls of identify
 O - a scroll of summoning {unknown}
 Q - a scroll of immolation {unknown}
 S - a scroll of enchant weapon II {unknown}
 X - a scroll of curse armour {unknown}
Jewellery
 e - an uncursed ring of ice
 G - an uncursed ring of wizardry
 U - a ring of sustain abilities (right claw)
 V - a cursed ring of sustenance (left claw)
Potions
 c - 3 potions of restore abilities
 f - a potion of berserk rage
 i - a potion of resistance
 j - 2 potions of agility
 q - a potion of brilliance
 B - a potion of flight
 C - 3 potions of magic
 E - 5 potions of curing
 L - 2 potions of poison {unknown}
 N - 2 potions of speed
Miscellaneous
 t - an ornate deck of defence


   Skills:
 + Level 7.5 Fighting
 + Level 6.3 Maces & Flails
 - Level 4.0 Throwing
 + Level 7.7 Dodging
 + Level 4.2 Stealth
 - Level 7.5 Unarmed Combat


You had 10 spell levels left.
You didn't know any spells.

Dungeon Overview and Level Annotations

Branches:
Dungeon (10/27)            Temple (1/1) D:6             Orc (0/4) D:10
   Lair (5/8) D:9
  Swamp: Lair:3-6    Shoals: Lair:3-6     Snake: Lair:3-6    Spider: Lair:3-6
 Vaults: D:1-3          Zot: D:6

Altars:
Ashenzari
Cheibriados
Elyvilon
Fedhas
Kikubaaqudgha
Makhleb
Nemelex Xobeh
Okawaru
Sif Muna
Trog
Vehumet
Xom
Yredelemnul
Zin
the Shining One

Shops:
D:7 ?   D:9 %

Annotations:
Lair:5 Rupert


Innate Abilities, Weirdness & Mutations

You are too large for most types of armour.
You have claws for hands.
Your metabolism is lightning-fast.
You like to eat raw meat.
You regenerate.
You can eat rotten meat.
You are covered in fur (AC +1).
You have very tough skin (AC +2).
Your skin changes colour to match your surroundings (Stlth).
Your system is resistant to poisons.
Space occasionally distorts in your vicinity.


Message History

You kill the porcupine!
The sheep misses you.
You bludgeon the sheep!!
You kill the sheep!
Things that are here:
a sheep corpse; a black mamba corpse You feel a strong urge to attack something.
The elephant trumpets!
An elephant comes into view.
There is a stone staircase leading up here.
The elephant trumpets!
You climb upwards.
The sheep bellows!
You feel your anger subside.
You are no longer berserk.
You are exhausted.
You feel yourself slow down. The sheep barely misses you. The sheep bites you.
* * * LOW HITPOINT WARNING * * *
The sheep bites you.
You die...

### ###
############.###.##
##f..##....##..#.#.#
##....P#...[.........
#......#.............
#....Y#..............
...#..@YP..............
#..$.Y...............
.?.......#..............
...f#.YY.#..............
.........###.##...##....
...#..Y.. ####+P. ##..
...#.... .##..... #Y...


You could see 7 sheep.

Vanquished Creatures
  Erolcha (D:10)
  2 spiny frogs
  A black mamba (Lair:5)
  Prince Ribbit (D:8)
  A wraith (D:7)
  A hill giant zombie (D:10)
  3 hippogriffs
  A hog (D:8)
  Edmund (D:4)
  2 orc warriors (D:9)
  3 sky beasts
  A human (D:8)
  3 phantoms
  3 porcupines
  An ice beast (D:7)
  2 ogres
  5 giant frogs
  12 big kobolds
  6 centaurs
  Duvessa (D:7)
  Blork the orc (D:7)
  A water moccasin (Lair:1)
  2 wargs (D:9)
  6 killer bees (D:8)
  3 wights (D:10)
  A manticore skeleton (D:7)
  A jelly (D:9)
  A quasit (D:9)
  Dowan (D:7)
  4 crimson imps
  A goliath beetle (D:8)
  3 hounds
  A giant frog skeleton (D:4)
  3 scorpions
  3 iguanas
  7 orc wizards
  5 worker ants
  4 sheep
  A sky beast zombie (D:5)
  An ogre zombie (D:10)
  An ogre skeleton (D:5)
  A hound skeleton (D:8)
  2 mummies
  19 adders
  4 gnolls
  4 green rats (Sewer)
  A worm zombie (D:5)
  2 giant mites
  4 worms
  3 adder zombies (Ossuary)
  22 grey rats
  2 giant eyeballs
  5 giant geckos
  3 oozes
  14 orcs
  16 bats
  11 hobgoblins
  3 quokkas
  17 ball pythons
  A ball python skeleton (Ossuary)
  8 giant cockroaches
  7 giant newts
  2 giant spores (D:8)
  15 goblins
  A goblin zombie (D:5)
  A hobgoblin skeleton (Ossuary)
  2 hobgoblin zombies (D:10)
  4 jackals
  32 kobolds
  A kobold zombie (Ossuary)
  3 orc skeletons
  5 orc zombies
  29 rats
  12 ballistomycetes
358 creatures vanquished.

Vanquished Creatures (others)
  A giant spore (D:7)
  A goblin (D:7)
2 creatures vanquished.

Grand Total: 360 creatures vanquished

Notes
Turn   | Place    | Note
--------------------------------------------------------------
     0 | D:1      | Psiweapon, the Troll Monk, began the quest for the Orb.
     0 | D:1      | Reached XP level 1. HP: 20/20 MP: 0/0
   180 | D:1      | Reached XP level 2. HP: 26/28 MP: 0/0
   771 | D:2      | Reached XP level 3. HP: 36/36 MP: 1/1
  1310 | D:2      | Reached XP level 4. HP: 14/44 MP: 1/1
  1620 | D:2      | Found an iron altar of Okawaru.
  1624 | D:2      | Found a glowing golden altar of the Shining One.
  1653 | D:2      | Reached skill level 1 in Throwing
  2486 | D:3      | Found a glowing golden altar of the Shining One.
  2492 | D:4      | Found a sand-covered staircase.
  2504 | Ossuary  | Entered an ossuary
  2613 | Ossuary  | Noticed a flying skull
  2613 | Ossuary  | Noticed a guardian mummy
  2626 | Ossuary  | Noticed a flying skull
  2627 | Ossuary  | Noticed a guardian mummy
  2636 | Ossuary  | Noticed a flying skull
  2665 | Ossuary  | Noticed a flying skull
  2686 | Ossuary  | Noticed a flying skull
  2691 | Ossuary  | Noticed a guardian mummy
  2769 | D:4      | Gained mutation: You regenerate. [potion of beneficial mutation]
  2891 | D:4      | Reached XP level 5. HP: 50/52 MP: 1/1
  2911 | D:4      | Found a glowing drain.
  2917 | Sewer    | Entered a sewer
  2983 | Sewer    | Reached skill level 5 in Unarmed Combat
  3237 | Sewer    | Reached XP level 6. HP: 59/59 MP: 2/2
  3600 | D:4      | Reached XP level 7. HP: 67/67 MP: 2/2
  3725 | D:4      | Found a radiant altar of Vehumet.
  3810 | D:4      | Noticed an ogre
  3814 | D:4      | Killed an ogre
  3849 | D:4      | Noticed a centaur
  3857 | D:4      | Killed a centaur
  3867 | D:4      | Noticed Edmund
  3886 | D:4      | Killed Edmund
  3886 | D:4      | Reached skill level 6 in Unarmed Combat
  4006 | D:4      | Noticed a phantom
  4020 | D:4      | Killed a phantom
  4309 | D:5      | Entered Level 5 of the Dungeon
  4318 | D:5      | Reached XP level 8. HP: 76/76 MP: 2/2
  4437 | D:5      | Upgraded the game from 0.14-a0-770-g009d3a2 to 0.14-a0-932-g154aeca
  4437 | D:5      | Upgraded the game from 0.14-a0-932-g154aeca to 0.14-a0-953-g9e7f188
  4968 | D:5      | Reached skill level 1 in Maces & Flails
  4968 | D:5      | Reached skill level 5 in Dodging
  5348 | D:6      | Found a bloodstained altar of Trog.
  5516 | D:6      | Reached skill level 5 in Fighting
  5640 | D:6      | Found a deep blue altar of Sif Muna.
  5706 | D:6      | Found a staircase to the Ecumenical Temple.
  5715 | Temple   | Entered the Ecumenical Temple
  6012 | D:6      | Reached skill level 7 in Unarmed Combat
  6370 | D:7      | Reached XP level 9. HP: 63/85 MP: 3/3
  6470 | D:7      | Found Ghusesaidd's Magic Scroll Boutique.
  6494 | D:7      | Noticed Dowan
  6516 | D:7      | Killed Dowan
  6525 | D:7      | Bought a scroll of identify for 30 gold pieces
  6525 | D:7      | Bought a scroll of identify for 30 gold pieces
  6525 | D:7      | Bought a scroll of curse weapon for 30 gold pieces
  6533 | D:7      | Bought a scroll of enchant weapon I for 82 gold pieces
  6533 | D:7      | Bought a scroll of noise for 15 gold pieces
  6533 | D:7      | Bought a scroll of recharging for 82 gold pieces
  6541 | D:7      | Gained mutation: Your skin changes colour to match your surroundings (Stlth). [potion of mutation]
  6541 | D:7      | Gained mutation: Your system is resistant to poisons. [potion of mutation]
  6541 | D:7      | Gained mutation: Space occasionally distorts in your vicinity. [potion of mutation]
  6590 | D:7      | Noticed Blork the orc
  6600 | D:7      | Killed Blork the orc
  6895 | D:7      | Noticed Duvessa
  6901 | D:7      | Killed Duvessa
  7688 | D:8      | Found a radiant altar of Vehumet.
  7812 | D:8      | Noticed Prince Ribbit
  7823 | D:8      | Killed Prince Ribbit
  8041 | D:8      | Reached XP level 10. HP: 94/96 MP: 3/3
  8447 | D:9      | Found a staircase to the Lair.
  8459 | D:9      | Reached skill level 5 in Maces & Flails
  8586 | D:9      | Found Grutin's Food Shoppe.
  8957 | D:10     | Entered Level 10 of the Dungeon
  9570 | D:10     | Noticed Erolcha
  9574 | D:10     | Killed Erolcha
  9590 | D:10     | Found a staircase to the Orcish Mines.
  9640 | D:10     | Identified a scroll of acquirement
  9643 | D:10     | Got a distressingly furry wizard hat
  9647 | D:10     | Identified the +0 wizard hat of the Armoured One {rC+ Acc+4} (You acquired it on level 10 of the Dungeon)
  9734 | Lair:1   | Entered Level 1 of the Lair of Beasts
 10301 | Lair:5   | Noticed Rupert
 10390 | Lair:5   | Noticed a black mamba
 10390 | Lair:5   | Noticed an elephant
 10401 | Lair:5   | Killed a black mamba
 10401 | Lair:5   | Reached XP level 11. HP: 9/105 MP: 3/3
 10402 | Lair:5   | HP: 5/157 [porcupine's spines (5)]
 10406 | Lair:5   | Noticed an elephant
 10407 | Lair:4   | HP: 1/105 [sheep (6)]
 10407 | Lair:4   | Slain by a sheep

Action                   |  1- 3 |  4- 6 |  7- 9 | 10-12 || total
-------------------------+-------+-------+-------+-------++-------
Melee: Unarmed           |   115 |   224 |   112 |    22 ||   473
       Giant spiked club |       |       |   263 |   270 ||   533
Throw: Javelin           |     7 |     8 |     3 |     5 ||    23
       Tomahawk          |       |     7 |    37 |     5 ||    49
Evoke: Wand              |       |     6 |    18 |     9 ||    33
  Use: Scroll            |       |     8 |    13 |     7 ||    28
       Potion            |       |     3 |     6 |     3 ||    12
 Stab: Sleeping          |     1 |     1 |     4 |     2 ||     8
